 Dungeon Crawl Stone Soup version 0.32-a0-377-g951292165a (webtiles) character file.

Game seed: 5365781753539084269

586019 Ic0nGaming the Ruinous (level 27, -12/177 HPs)
             Began as a Tengu Fire Elementalist on Feb 13, 2024.
             Was the Champion of Vehumet.
             Mangled by an Executioner (22 damage)
             ... on level 3 of the Realm of Zot on Feb 19, 2024.
             The game lasted 06:50:47 (117474 turns).

Ic0nGaming the Ruinous (Tengu Fire Elementalist)  Turns: 117474, Time: 06:50:48

Health: -12/177    AC: 15    Str: 11    XL:     27
Magic:  7/47       EV: 23    Int: 27    God:    Vehumet [******]
Gold:   7309       SH: 22    Dex: 17    Spells: 1/64 levels left

rFire   + + .        f - +4 mace of Pumnegum {elec, rPois rN+ Str-3}
rCold   + + .        y - +5 kite shield {AC+3}
rNeg    + + +        r - +3 leather armour {rF+}
rPois   +            B - +2 hat
rElec   .            O - scarf {rC+ rF+}
rCorr   .            U - +2 pair of gloves
SInv    +            (boots unavailable)
Will    ++...        M - amulet "Cuyruz" {Reflect rN++ Str+3 SH+5}
Stlth   ++++         L - ring "Vath" {rC+ EV+5 Dex+4}
HPRegen 0.49/turn    X - ring of see invisible
MPRegen 0.30/turn

%: reflection, acrobat
@: flying
A: beak, talons 3, evasive flight, acrobatic, clumsy 1, screaming 1, inability
to read after injury 1
}: 3/15 runes: decaying, serpentine, silver
a: Renounce Religion


You were on level 3 of the Realm of Zot.
You worshipped Vehumet.
Vehumet was exalted by your worship.
You visited 10 branches of the dungeon, and saw 46 of its levels.
You also visited: Wizlab and Desolation.

You collected 11052 gold pieces.
You spent 3743 gold pieces at shops.

Inventory:

Hand Weapons
 f - the +4 mace of Pumnegum (weapon) {elec, rPois rN+ Str-3}
   (You found it on level 2 of the Dungeon)

   Str-3:     It affects your strength (-3).
   rPois:     It protects you from poison rN+: It protects you from negative
   energy.
Armour
 r - a +3 leather armour of fire resistance (worn)
 y - a +5 kite shield of protection (worn)
 B - a +2 hat (worn)
 O - a scarf of resistance (worn)
 U - a +2 pair of gloves (worn)
Jewellery
 i - a ring of wizardry
 p - an amulet of faith
 H - a ring of willpower
 I - the ring "Leth" {rC- Str+6 Int+6}
   (You found it on level 5 of the Vaults)

   [ring of strength]

   Str+6:     It affects your strength (+6).
   Int+6:     It affects your intelligence (+6).
   rC-:       It makes you vulnerable to cold.
 L - the ring "Vath" (left hand) {rC+ EV+5 Dex+4}
   (You found it on level 5 of the Lair of Beasts)

   [ring of evasion]

   EV+5:      It affects your evasion (+5).
   Dex+4:     It affects your dexterity (+4).
   rC+:       It protects you from cold.
 M - the amulet "Cuyruz" (around neck) {Reflect rN++ Str+3 SH+5}
   (You bought it in a shop on level 3 of the Depths)

   [amulet of reflection]

   Reflect:   It reflects blocked missile attacks.
   Str+3:     It affects your strength (+3).
   rN++:      It greatly protects you from negative energy.
   SH+5:      It affects your SH (+5).
 X - a ring of see invisible (right hand)
Wands
 a - a wand of light (12)
 d - a wand of polymorph (25)
 q - a wand of paralysis (27)
 t - a wand of flame (102)
 u - a wand of mindburst (7)
 v - a wand of iceblast (14)
 W - a wand of digging (10)
Scrolls
 c - a scroll of vulnerability
 e - 7 scrolls of blinking
 j - 8 scrolls of enchant armour
 k - 12 scrolls of enchant weapon
 l - 26 scrolls of identify
 m - 13 scrolls of teleportation
 w - 3 scrolls of poison
 x - 5 scrolls of brand weapon
 D - a scroll of summoning
 F - 8 scrolls of fog
 N - 3 scrolls of revelation
 R - 3 scrolls of amnesia
 S - 2 scrolls of silence
 Y - 3 scrolls of fear
Potions
 b - a potion of magic
 g - 14 potions of curing
 h - 12 potions of attraction
 n - a potion of berserk rage
 o - 11 potions of haste
 s - 4 potions of mutation
 z - 2 potions of lignification
 C - 2 potions of cancellation
 G - 3 potions of enlightenment
 K - 4 potions of might
 P - 9 potions of brilliance
 Q - 4 potions of ambrosia
 T - 2 potions of resistance
 V - 3 potions of invisibility
 Z - 4 potions of heal wounds
Miscellaneous
 A - a phial of floods
 J - a tin of tremorstones (2/2)


   Skills:
 - Level 19.2 Fighting
 - Level 8.3 Armour
 - Level 7.5 Dodging
 - Level 7.7 Stealth
 - Level 10.0 Shields
 - Level 19.1 Spellcasting
 - Level 23.3 Conjurations
 - Level 5.5 Hexes
 + Level 13.3 Summonings
 - Level 21.3 Fire Magic
 - Level 22.1 Air Magic
 - Level 11.4 Evocations


You had one spell level left.
You knew the following spells:

 Your Spells              Type           Power      Damage    Failure   Level
a - Foxfire               Conj/Fire      100%       2x1d9     0%          1
b - Plasma Beam           Fire/Air       48%        2x1d63    1%          6
c - Volatile Blastmotes   Fire/Tloc      100%       2d18      1%          3
d - Flame Wave            Conj/Fire      98%        2d20      0%          4
e - Starburst             Conj/Fire      49%        6d13      1%          6
f - Fireball              Conj/Fire      49%        3d19      0%          5
g - Cause Fear            Hex            27%        N/A       6%          4
h - Airstrike             Air            49%        2d(7-23)  0%          4
i - Iskenderun's Battles  Conj           100%       2d15      0%          5
j - Summon Lightning Spi  Summ/Air       88%        N/A       1%          4
k - Ignition              Fire           48%        3d14      1%          8
l - Orb of Destruction    Conj           50%        9d13      1%          7
m - Summon Cactus Giant   Summ           39%        N/A       3%          6

Your spell library contained the following spells:

 Spells                   Type           Power      Damage    Failure   Level
 Lehudib's Crystal Spear  Conj/Erth      36%        10d9      58%         8
 Polar Vortex             Ice            12%        12d1*     100%        9
 Magic Dart               Conj           100%       1d8       0%          1
 Shock                    Conj/Air       100%       1d9       0%          1
 Slow                     Hex            100%       N/A       1%          1
 Apportation              Tloc           50%        N/A       6%          1
 Scorch                   Fire           100%       2d9       0%          2
 Static Discharge         Conj/Air       100%       3-8/arc   0%          2
 Swiftness                Air            98%        N/A       0%          3
 Jinxbite                 Hex            100%       N/A       1%          2
 Mercury Vapours          Alch/Air       100%       N/A       1%          2
 Call Canine Familiar     Summ           78%        N/A       1%          3
 Dazzling Flash           Conj/Hex       100%       N/A       1%          3
 Inner Flame              Hex/Fire       78%        N/A       1%          3
 Mephitic Cloud           Conj/Alch/Air  82%        N/A       1%          3
 Sigil of Binding         Hex            54%        N/A       1%          3
 Summon Ice Beast         Ice/Summ       58%        N/A       1%          3
 Tukima's Dance           Hex            54%        N/A       1%          3
 Brom's Barrelling Bould  Conj/Erth      73%        2d9       1%          4
 Fulminant Prism          Conj/Alch      36%        3d18      1%          4
 Iskenderun's Mystic Bla  Conj/Tloc      73%        2d15      1%          4
 Sticky Flame             Fire/Alch      70%        2d11      1%          4
 Summon Blazeheart Golem  Fire/Summ      88%        N/A       1%          4
 Freezing Cloud           Conj/Ice/Air   41%        6-21      1%          5
 Conjure Ball Lightning   Conj/Air       49%        3x3d17    1%          6
 Maxwell's Capacitive Co  Air            49%        ∞         1%          8
 Ensorcelled Hibernation  Hex/Ice        80%        N/A       2%          2
 Animate Armour           Summ/Erth      100%       N/A       3%          4
 Summon Mana Viper        Hex/Summ       67%        N/A       3%          5
 Frozen Ramparts          Ice            50%        1d8       4%          3
 Lesser Beckoning         Tloc           50%        N/A       9%          2
 Summon Forest            Summ/Tloc      29%        N/A       11%         5
 Yara's Violent Unravell  Hex/Alch       20%        3d9       13%         5
 Chain Lightning          Conj/Air       49%        3d66      13%         9
 Fire Storm               Conj/Fire      49%        8d12      16%         9
 Gell's Gravitas          Tloc           25%        N/A       17%         3
 Passwall                 Erth           25%        N/A       17%         3
 Teleport Other           Tloc           25%        N/A       17%         3
 Anguish                  Hex/Necr       20%        N/A       19%         4
 Dimensional Bullseye     Hex/Tloc       20%        N/A       19%         4
 Monstrous Menagerie      Summ           39%        N/A       21%         7
 Lee's Rapid Deconstruct  Erth           12%        3d9*      36%         5
 Metabolic Englaciation   Hex/Ice        20%        N/A       45%         5
 Leda's Liquefaction      Alch/Erth      12%        N/A       50%         4
 Manifold Assault         Tloc           25%        N/A       50%         4
 Alistair's Intoxication  Alch           16%        N/A       85%         5
 Borgnjor's Vile Clutch   Necr/Erth      12%        N/A       85%         5
 Summon Horrible Things   Summ           39%        N/A       85%         8
 Eringya's Noxious Bog    Alch           12%        4d6       88%         6
 Malign Gateway           Summ/Tloc      29%        N/A       97%         7
 Enfeeble                 Hex            27%        N/A       99%         7
 Dispersal                Tloc           12%        N/A       100%        6
 Disjunction              Tloc           12%        N/A       100%        8
 Dragon's Call            Summ           39%        N/A       100%        9
 Shatter                  Erth           12%        3d13*     100%        9


Dungeon Overview and Level Annotations

Branches:
Dungeon (15/15)            Temple (1/1) D:5            Lair (5/5) D:9
  Swamp (4/4) Lair:3        Snake (4/4) Lair:2        Slime (0/5) Lair:5
    Orc (2/2) D:11            Elf (3/3) Orc:2        Vaults (5/5) D:14
  Crypt (0/3) Vaults:3     Depths (4/4) D:15            Zot (3/5) Depths:4
 WizLab (visited)         Desolation (visited)

Altars:
Ashenzari
Cheibriados
Dithmenos
Elyvilon
Fedhas
Gozag
Hepliaklqana
Kikubaaqudgha
Makhleb
Nemelex Xobeh
Okawaru
Qazlal
Ru
Sif Muna
Trog
Uskayaw
Vehumet
Wu Jian
Xom
Yredelemnul
Zin
The Shining One
Beogh
Lugonu

Shops:
D:7 *   Orc:2 ??:[   Elf:3 *?   Snake:2 [   Snake:3 =:=   Vaults:1 :
Vaults:2 *   Vaults:3 (   Depths:3 ==   Depths:4 (

Portals:
Hell: Depths:1 Depths:2 Depths:3 Depths:4
Abyss: Depths:3
Pandemonium: Orc:2 Depths:2 Depths:4
Ziggurat: Depths:1
Trove: Vaults:2 (give +6 demon blade)

Annotations:
D:4 1 runed translucent door, Crazy Yiuf


Innate Abilities, Weirdness & Mutations

You have a beak for a mouth.
You have claws for feet.
Your magical flight helps you evade attacks. (EV +4)
You can magically evade attacks while moving or waiting.
You are clumsy. (Dex -2)
You occasionally shout uncontrollably at your foes.
You occasionally lose the ability to read scrolls when taking damage.


Message History

The Executioner hits you.
The curse toe calls on the powers of darkness!
Your body is wracked with pain!
Aiming: Bolt of Light
Press: ? - help, Shift-Dir - straight line, f/p - curse toe
Aim: a curse toe (moderately damaged, 100% to hit)
The bolt of light hits the curse toe.
The curse toe is moderately damaged.
The Executioner hits you but does no damage.
You block the Executioner's attack. x2; The Executioner hits you!
You block the Executioner's attack. The Executioner hits you.
The Executioner hits you but does no damage.
The Executioner completely misses you. The Executioner barely misses you.
Aiming: Bolt of Light
Press: ? - help, Shift-Dir - straight line, f/p - curse toe
Aim: a curse toe (moderately damaged, 100% to hit)
The bolt of light hits the curse toe!
The curse toe is heavily damaged.
The Executioner hits you!!
* * * LOW HITPOINT WARNING * * *
The Executioner hits you but does no damage. x2
The Executioner hits you!
* * * LOW HITPOINT WARNING * * *
You block the Executioner's attack. The Executioner closely misses you.
You block the Executioner's attack. x2; The Executioner hits you.
* * * LOW HITPOINT WARNING * * *
Hit: f) +4 mace of Pumnegum {elec, rPois rN+ Str-3}
Press: ? - help, Dir - move target, f/p - curse toe
Aim: a curse toe (heavily damaged, about 5% to evade the +4 mace of Pumnegum)
You hit the curse toe but do no damage. You claw the curse toe.
You peck the curse toe, but do no damage.
The curse toe is heavily damaged.
The Executioner closely misses you. You block the Executioner's attack. x3
The Executioner hits you but does no damage. x2
The Executioner hits you!
* * * LOW HITPOINT WARNING * * *
The Executioner hits you.
* * * LOW HITPOINT WARNING * * *
The Executioner barely misses you. The Executioner hits you!!
You die...

#.#.....##...
.....#.....##
#####+++##.#.....###
##.../....#..#....
##.........+.#.....
#(...#.#.. #.§#.#
#1#z# #.@#z#
##!.....# ####...#
.## #


You could see a curse toe and an Executioner (fast).

Vanquished Creatures
  A Killer Klown (Zot:2)
  2 curse toes
  A caustic shrike (Depths:2)
  10 golden dragons
  Nikola (Elf:1)
  Norris (Vaults:3)
  An electric golem (Zot:1)
  Jorgrun (Snake:1)
  11 tentacled monstrosities
  Zenata (Vaults:3)
  6 liches
  8 titans
  2 walking divine tomes (Depths:2)
  2 deep elf blademasters (Elf:3)
  A walking frostbound tome (Depths:2)
  5 sphinxes
  7 quicksilver dragons
  A searing wretch (Vaults:3)
  2 deep elf master archers (Elf:3)
  Frances (D:13)
  4 death cobs
  10 shadow dragons
  3 acid blobs
  6 tentacled starspawn (Zot:1)
  Agnes (Elf:1)
  8 storm dragons
  3 thorn hunters (Swamp:4)
  Aizul (Elf:3)
  7 tengu reavers
  A revenant (Zot:1)
  2 fenstrider witches
  2 protean progenitors
  2 daevas (Depths:1)
  5 nagarajas
  14 frost giants
  17 vault wardens
  8 fire giants (Depths:2)
  4 iron dragons
  3 draconian knights
  8 deep elf sorcerers
  A draconian monk (Zot:2)
  3 draconian shifters
  A draconian scorcher (Depths:4)
  2 ghost moths (Zot:2)
  A balrug (Zot:1)
  A caustic shrike zombie (Zot:1)
  3 deep elf elementalists (Elf:3)
  2 spriggan defenders (Depths:2)
  4 draconian stormcallers (Depths:4)
  2 draconian annihilators
  2 orc warlords (Vaults:4)
  14 stone giants
  4 demonspawn corrupters (WizLab)
  16 ironbound preservers
  2 quicksilver oozes (Zot:1)
  23 very ugly things
  2 ironbound thunderhulks
  4 vampire knights
  7 deep elf death magi (Elf:3)
  7 deep elf demonologists
  6 green draconians
  A formless jellyfish (Vaults:3)
  A black draconian (Zot:2)
  3 eleionomae
  4 lorocyprocas (Zot:1)
  A purple draconian (Zot:1)
  2 dire elephants (Vaults:4)
  4 spark wasps
  6 yellow draconians
  8 deep elf annihilators
  A bunyip (Swamp:3)
  Azrael (D:13)
  4 white draconians (Zot:2)
  6 war gargoyles
  6 red draconians
  16 ettins
  A blizzard demon (Depths:2)
  4 crystal guardians
  7 fire dragons
  Josephine (Orc:2)
  14 hydras
  9 deep elf high priests
  A shambling mangrove (Swamp:4)
  16 yaktaur captains
  5 rakshasas
  6 ice dragons
  39 vault guards
  7 great orbs of eyes
  A sphinx zombie (Depths:2)
  3 demonspawn (Orc:2)
  A salamander tyrant (Snake:4)
  3 catoblepae (Lair:5)
  3 peacekeepers
  8 ironbound frosthearts
  6 spriggan air magi
  10 alligators
  A ghost crab (Swamp:3)
  An ogre mage (D:15)
  4 anacondas
  11 centaur warriors
  A merfolk aquamancer (WizLab)
  7 two-headed ogres
  A death knight (D:14)
  A two-headed ogre (shapeshifter) (Depths:2)
  13 death yaks
  31 dancing weapons
  5 boulder beetles
  4 deep troll shamans
  14 naga warriors
  4 tengu warriors
  8 shock serpents
  16 naga sharpshooters
  8 orc high priests
  8 hell knights
  A vampire mage (Depths:1)
  4 deep troll earth magi
  2 soul eaters
  Urug (Orc:2)
  6 occultists
  7 spriggan berserkers
  10 deep elf knights
  8 skeletal warriors (D:15)
  5 salamander mystics
  Amaemon (Lair:2)
  A sixfirhy (Depths:4)
  4 skysharks
  A sun demon (D:15)
  An iron troll (Depths:2)
  2 sea snakes (Snake:2)
  4 flayed ghosts
  9 mana vipers
  41 deep trolls
  2 shadow dragon zombies (Depths:1)
  8 bog bodies
  3 glowing orange brains
  4 goliath frogs
  7 swamp dragons
  4 large abominations (Elf:1)
  2 phantasmal warriors (Vaults:5)
  6 arcanists
  A spriggan druid (Swamp:3)
  8 deep elf archers
  An orange crystal statue (Zot:1)
  10 necromancers
  27 deep elf pyromancers
  8 naga ritualists
  Pikel (D:9)
  A wolf spider (D:12)
  A harpy (D:12)
  6 lindwurms
  An orb spider (shapeshifter) (WizLab)
  2 iron dragon zombies
  7 orc knights
  5 orc sorcerers
  25 ironbound convokers
  47 ugly things
  15 deep elf zephyrmancers
  3 worldbinders (WizLab)
  16 moths of wrath
  A stone giant zombie (Depths:2)
  10 cyclopes
  A fire giant zombie (Depths:2)
  12 salamanders
  A cyclops (shapeshifter) (Vaults:5)
  5 will-o-the-wisps
  5 manticores
  9 naga magi
  5 elephants
  19 vault sentinels
  5 guardian serpents
  A black mamba (shapeshifter) (Elf:3)
  An apocalypse crab (Zot:1)
  37 black mambas
  A gargoyle (D:11)
  A water nymph (WizLab)
  5 torpor snails
  9 cane toads
  2 rime drakes
  24 yaktaurs
  An orange demon (Lair:2)
  A hellion (Depths:4)
  A nameless horror (Zot:1)
  An efreet (D:12)
  2 unseen horrors
  A freezing wraith (D:11)
  A yaktaur (shapeshifter) (Zot:1)
  An ice devil (D:15)
  4 kobold demonologists (D:12)
  3 komodo dragons
  3 tengu conjurers
  A komodo dragon (shapeshifter) (Zot:2)
  A red devil (Orc:2)
  3 trolls
  5 bloated husks
  3 polar bears
  A raiju (shapeshifter) (D:14)
  10 tyrant leeches
  A spriggan zombie (D:15)
  2 dream sheep (shapeshifter)
  5 glass eyes
  7 hornets
  7 saltlings (Desolation)
  20 blink frogs
  4 dream sheep (Lair:5)
  A spriggan skeleton (D:15)
  3 water elementals
  5 spriggans
  3 air elementals
  A centaur simulacrum (D:11)
  37 slime creatures
  6 small abominations (Elf:1)
  6 wraiths
  4 wyverns
  4 wargs
  5 basilisks
  59 yaks
  2 fire elementals (D:13)
  A steam dragon (D:7)
  3 death yak simulacra (Lair:5)
  Menkaure (D:6)
  12 vampire mosquitoes
  22 swamp worms
  A chaos spawn (Orc:2)
  41 nagas
  7 acid dragons
  4 hydra simulacra (Lair:5)
  12 water moccasins
  Duvessa (D:6)
  2 hell hounds (D:13)
  A sky beast (D:7)
  2 ice beasts
  15 swamp drakes
  28 orc warriors
  2 laughing skulls (D:14)
  An ogre (shapeshifter) (Vaults:5)
  4 centaurs
  10 ogres
  12 wolves
  2 phantoms
  4 lemures (D:9)
  8 kobold brigands
  2 earth elementals
  A bullfrog (shapeshifter) (D:15)
  11 bullfrogs
  4 scorpions
  3 wights (D:8)
  Dowan (D:6)
  16 killer bees
  3 elephant simulacra (Lair:5)
  7 howler monkeys
  2 vampire bats (Orc:2)
  An electric eel (D:10)
  3 bombardier beetles
  4 crimson imps (D:15)
  2 hounds
  19 jellies
  24 orc priests
  7 iguanas
  A sleepcap (D:7)
  Jessica (D:2)
  22 orc wizards
  8 gnolls
  8 adders
  3 white imps
  A hell rat simulacrum (Lair:5)
  5 ufetubi
  3 ribbon worms
  2 dart slugs
  69 orcs
  9 ball pythons
  18 bats
  5 endoplasms
  3 giant cockroaches
  9 goblins
  8 hobgoblins
  9 jackals
  20 kobolds
  4 quokkas
  8 frilled lizards
  7 rats
  5 aspiring fleshes
  2 butterflies (Zot:1)
  3 starspawn tentacles (Zot:1)
1875 creatures vanquished.

Vanquished Creatures (collateral kills)
  An orb of fire (Zot:2)
  Margery (Vaults:3)
  A golden dragon (Vaults:4)
  4 sphinxes
  A walking frostbound tome (Depths:3)
  A quicksilver dragon (Depths:3)
  A walking divine tome (Depths:2)
  2 death cobs (Zot:2)
  A nagaraja (WizLab)
  3 shadow dragons
  A draconian monk (Zot:1)
  2 fire giants
  A tengu reaver (Depths:2)
  3 vault wardens
  A frost giant (Depths:2)
  Louise (Elf:1)
  4 very ugly things
  9 ironbound preservers
  2 stone giants
  2 ironbound thunderhulks
  A vampire knight (Depths:3)
  A green draconian (Zot:2)
  A yellow draconian (Zot:1)
  4 ettins
  2 fire dragons (Depths:2)
  A salamander tyrant (Snake:4)
  3 vault guards
  A hydra (Swamp:4)
  A peacekeeper (Vaults:4)
  An anaconda (Snake:4)
  A spriggan skeleton (Depths:2)
  2 naga warriors
  An occultist (WizLab)
  5 hell knights
  2 deep elf knights
  2 skysharks (Vaults:3)
  A salamander mystic (Snake:4)
  2 iron trolls
  A spriggan druid (WizLab)
  A mana viper (Snake:4)
  2 swamp dragons (Swamp:4)
  10 deep trolls
  An arcanist (WizLab)
  A glowing orange brain (Depths:3)
  A phantasmal warrior (Vaults:5)
  A necromancer (Depths:2)
  2 deep elf pyromancers
  2 deep elf zephyrmancers (Elf:2)
  An orc knight (Vaults:5)
  6 salamanders
  5 ugly things
  A stone giant skeleton (Depths:1)
  A worldbinder (WizLab)
  A black mamba (Snake:4)
  A guardian serpent (Desolation)
  A vault sentinel (Vaults:3)
  A large abomination (Elf:1)
  3 yaktaurs (Vaults:3)
  A polar bear (shapeshifter) (Vaults:4)
  A saltling (Desolation)
  4 slime creatures
  7 nagas (Snake:4)
  4 white imps (D:15)
  2 foxfires
136 creatures vanquished.

Vanquished Creatures (others)
  A deep elf zephyrmancer (Elf:1)
  A black mamba (Snake:3)
  2 bloated husks (Swamp:1)
  A tyrant leech (Zot:2)
  An aspiring flesh (Zot:2)
  1012 foxfires
  6 starspawn tentacles (Zot:1)
1024 creatures vanquished.

Grand Total: 3035 creatures vanquished

Notes
Turn   | Place    | Note
-------+----------+-------------------------------------------
     0 | D:1      | Ic0nGaming the Tengu Fire Elementalist began the quest for
                  | the Orb.
     0 | D:1      | Reached XP level 1. HP: 10/10 MP: 4/4
   240 | D:1      | Reached XP level 2. HP: 16/16 MP: 3/6
   398 | D:1      | Reached skill level 2 in Conjurations
   409 | D:1      | Reached skill level 1 in Fighting
   531 | D:1      | Reached XP level 3. HP: 20/20 MP: 4/7
  1547 | D:1      | Learned a level 2 spell: Scorch
  1688 | D:2      | Identified a scroll of acquirement
  1688 | D:2      | Acquired 1093 gold pieces
  1839 | D:2      | Reached XP level 4. HP: 25/25 MP: 3/8
  2212 | D:2      | Reached skill level 3 in Conjurations
  2317 | D:2      | Reached XP level 5. HP: 10/30 MP: 0/10
  2653 | D:2      | Identified the +4 mace of Pumnegum {elec, rPois rN+ Str-3}
  3219 | D:2      | Noticed Jessica
  3226 | D:2      | Killed Jessica
  3227 | D:2      | Reached skill level 1 in Armour
  3399 | D:2      | Reached skill level 4 in Conjurations
  3641 | D:3      | Reached XP level 6. HP: 35/35 MP: 8/11
  3794 | D:3      | Learned a level 3 spell: Volatile Blastmotes
  3799 | D:3      | Learned a level 4 spell: Flame Wave
  4782 | D:4      | Reached skill level 5 in Fire Magic
  4836 | D:4      | Reached skill level 5 in Conjurations
  4836 | D:4      | Gained mutation: Your magical flight helps you evade
                  | attacks. (EV +4) [Tengu growth]
  4836 | D:4      | Reached XP level 7. HP: 40/40 MP: 8/12
  5618 | D:4      | Found a runed translucent door.
  5619 | D:4      | Noticed Crazy Yiuf
  5816 | D:5      | Entered Level 5 of the Dungeon
  5819 | D:5      | Found a staircase to the Ecumenical Temple.
  5845 | D:5      | Reached skill level 6 in Conjurations
  5936 | Temple   | Entered the Ecumenical Temple
  5959 | Temple   | Became a worshipper of Vehumet
  6000 | D:5      | Reached XP level 8. HP: 44/44 MP: 11/14
  6140 | D:5      | Identified the staff of Saopip Odaeth {rC- rN+++ Int+5 Conj
                  | Hexes}
  7007 | D:6      | Reached skill level 7 in Conjurations
  7119 | D:6      | Noticed Menkaure
  7123 | D:6      | Killed Menkaure
  7212 | D:6      | Reached skill level 5 in Spellcasting
  7212 | D:6      | Reached XP level 9. HP: 52/52 MP: 5/17
  7380 | D:6      | Learned a level 6 spell: Starburst
  7493 | D:6      | Noticed Dowan
  7494 | D:6      | Noticed Duvessa
  7504 | D:6      | Killed Dowan
  7637 | D:6      | Killed Duvessa
  7865 | D:6      | Reached skill level 8 in Conjurations
  8285 | D:7      | Reached * piety under Vehumet
  8285 | D:7      | Offered knowledge of Sting by Vehumet.
  8524 | D:7      | Reached skill level 5 in Fighting
  8813 | D:7      | Found an ornate altar of the Wu Jian Council.
  8909 | D:7      | Reached skill level 9 in Conjurations
  9511 | D:7      | Found Toafiz's General Store.
  9540 | D:7      | Bought a wand of flame (6) for 50 gold pieces
  9540 | D:7      | Bought a scroll of poison for 48 gold pieces
  9540 | D:7      | Bought a wand of flame (10) for 84 gold pieces
  9970 | D:8      | Reached XP level 10. HP: 60/60 MP: 18/20
 10565 | D:8      | Noticed a two-headed ogre
 10586 | D:8      | Killed a two-headed ogre
 10768 | D:8      | Learned a level 5 spell: Fireball
 11266 | D:9      | Reached skill level 10 in Conjurations
 11441 | D:9      | Noticed Pikel
 11455 | D:9      | Killed Pikel
 11578 | D:9      | Offered knowledge of Shock by Vehumet.
 11659 | D:9      | Reached ** piety under Vehumet
 11811 | D:9      | Found a staircase to the Lair.
 11908 | D:9      | Found a basalt altar of Yredelemnul.
 12100 | D:9      | Found a burning altar of Makhleb.
 12101 | D:9      | Found a shimmering blue altar of Sif Muna.
 12105 | D:9      | Found a shadowy altar of Dithmenos.
 12364 | D:10     | Entered Level 10 of the Dungeon
 12395 | Lair:1   | Entered Level 1 of the Lair of Beasts
 12753 | Lair:1   | Found a snail-covered altar of Cheibriados.
 12754 | Lair:1   | Noticed a torpor snail
 12775 | Lair:1   | Killed a torpor snail
 12776 | Lair:1   | Reached skill level 11 in Conjurations
 12776 | Lair:1   | Reached XP level 11. HP: 67/67 MP: 15/23
 12896 | Lair:1   | Reached skill level 10 in Fire Magic
 13377 | Lair:1   | HP: 1/68 [cane toad (16)]
 13777 | Lair:1   | Offered knowledge of Searing Ray by Vehumet.
 13780 | Lair:1   | Reached skill level 12 in Conjurations
 14794 | Lair:2   | Reached XP level 12. HP: 75/75 MP: 9/25
 14890 | Lair:2   | Noticed a five-headed hydra
 14892 | Lair:2   | Noticed a boulder beetle
 15054 | Lair:2   | Reached *** piety under Vehumet
 15060 | Lair:2   | Noticed Amaemon
 15118 | Lair:2   | Upgraded the game from 0.32-a0-290-g598725c5f2 to
                  | 0.32-a0-314-g526f7d4993
 15453 | Lair:2   | Noticed a skyshark
 15458 | Lair:2   | Killed a skyshark
 15588 | Lair:2   | Reached skill level 13 in Conjurations
 15636 | Lair:2   | Killed Amaemon
 15795 | Lair:2   | Killed a five-headed hydra
 15914 | Lair:2   | Killed a boulder beetle
 16037 | Lair:2   | Offered knowledge of Brom's Barrelling Boulder by Vehumet.
 16127 | Lair:2   | Learned a level 4 spell: Cause Fear
 16216 | Lair:2   | Found a staircase to the Snake Pit.
 16399 | Lair:2   | Reached skill level 1 in Hexes
 17059 | Lair:3   | Reached skill level 10 in Fighting
 17077 | Lair:3   | Noticed a death yak
 17140 | Lair:3   | Noticed a death yak
 17144 | Lair:3   | Noticed a death yak
 17579 | Lair:3   | Found a staircase to the Swamp.
 18007 | Lair:3   | Noticed a death yak
 18007 | Lair:3   | Noticed a death yak
 18007 | Lair:3   | Noticed a death yak
 18007 | Lair:3   | Noticed a death yak
 18030 | Lair:3   | Killed a death yak
 18031 | Lair:3   | Reached skill level 10 in Spellcasting
 18031 | Lair:3   | Reached XP level 13. HP: 67/82 MP: 10/28
 20086 | Lair:5   | Entered Level 5 of the Lair of Beasts
 20104 | Lair:5   | Reached **** piety under Vehumet
 20108 | Lair:5   | Offered knowledge of Stone Arrow by Vehumet.
 20311 | D:10     | Reached skill level 5 in Hexes
 21193 | D:11     | Learned a level 4 spell: Airstrike
 21206 | D:11     | Found a staircase to the Orcish Mines.
 21217 | D:11     | Found a gate leading to a gauntlet.
 21223 | D:11     | You are sucked into a shaft and drop 3 floors!
 21245 | D:14     | Learned a level 4 spell: Sticky Flame
 21271 | D:14     | Reached skill level 1 in Air Magic
 22063 | D:12     | Found a hide-covered altar of Uskayaw.
 22190 | D:12     | Reached skill level 1 in Evocations
 22678 | D:12     | Reached skill level 5 in Air Magic
 22933 | D:12     | Reached XP level 14. HP: 86/90 MP: 14/30
 23524 | D:11     | Identified the +12 long sword "Upsekyem" {spect, +Blink
                  | Will- rCorr}
 23539 | D:11     | Found a roughly hewn altar of Beogh.
 24278 | D:11     | Reached ***** piety under Vehumet
 24278 | D:11     | Offered knowledge of Irradiate by Vehumet.
 24383 | Orc:1    | Entered Level 1 of the Orcish Mines
 24626 | Orc:1    | Found Tiqastrupse's Self-Improvement Boutique.
 25460 | Orc:2    | Entered Level 2 of the Orcish Mines
 25460 | Orc:2    | Noticed Urug
 25461 | Orc:2    | Found a shimmering altar of Xom.
 27164 | D:12     | Identified the +6 war axe of the Usurping Fool {heavy,
                  | ^Drain rElec rC+ Dex+5}
 27777 | Lair:5   | Found a staircase to the Slime Pits.
 28356 | Lair:5   | Reached skill level 5 in Evocations
 28857 | Lair:5   | Offered knowledge of Freezing Cloud by Vehumet.
 29810 | Lair:5   | Reached XP level 15. HP: 83/95 MP: 30/32
 30026 | Lair:5   | Identified the ring "Vath" {rC+ EV+5 Dex+4}
 30178 | Lair:5   | Learned a level 6 spell: Plasma Beam
 30491 | Lair:5   | Reached skill level 10 in Air Magic
 30965 | Orc:2    | Noticed Josephine
 30967 | Orc:2    | Killed Urug
 30969 | Orc:2    | Killed Josephine
 31785 | Orc:2    | Found Tiduez's Magic Scroll Emporium.
 31893 | Orc:2    | Found Wiaciomie's Magic Scroll Shoppe.
 32042 | Orc:2    | Bought a scroll of fear for 52 gold pieces
 32042 | Orc:2    | Bought a scroll of teleportation for 39 gold pieces
 32042 | Orc:2    | Bought a scroll of enchant armour for 97 gold pieces
 32042 | Orc:2    | Bought a scroll of enchant armour for 97 gold pieces
 32044 | Orc:2    | Bought a scroll of fog for 64 gold pieces
 32044 | Orc:2    | Bought a scroll of enchant armour for 120 gold pieces
 32044 | Orc:2    | Bought a scroll of revelation for 120 gold pieces
 32044 | Orc:2    | Bought a scroll of fear for 64 gold pieces
 32155 | Orc:2    | Found a staircase to the Elven Halls.
 32347 | Orc:2    | Offered knowledge of Conjure Ball Lightning by Vehumet.
 32498 | Orc:2    | Reached skill level 14 in Conjurations
 33017 | Orc:2    | Found Tuthrott's Antique Armour Shop.
 33017 | Orc:2    | Found Usopp's Book Boutique.
 33199 | Orc:2    | Found a one-way gate leading to the halls of Pandemonium.
 33206 | Orc:2    | Bought a glowing scarf for 256 gold pieces
 33209 | Orc:2    | Bought a runed scarf for 256 gold pieces
 33910 | D:13     | Noticed Frances
 33918 | D:13     | Killed Frances
 34375 | D:13     | Identified the +0 helmet "Filyul" {+Inv rPois Str-2 Stlth+}
 34687 | D:13     | Noticed Azrael
 34695 | D:13     | Killed Azrael
 35302 | D:14     | Found a gate to the Vaults.
 35487 | D:14     | Reached XP level 16. HP: 101/101 MP: 17/33
 35758 | D:14     | Found a sacrificial altar of Ru.
 36077 | D:14     | Reached skill level 5 in Armour
 36492 | Snake:1  | Entered Level 1 of the Snake Pit
 36739 | Swamp:1  | Entered Level 1 of the Swamp
 37010 | Swamp:1  | Reached skill level 5 in Dodging
 38702 | Swamp:2  | Identified the +1 chain mail "Liumeon" {Int+3}
 38803 | Swamp:2  | Noticed a fenstrider witch
 38808 | Swamp:2  | Killed a fenstrider witch
 38813 | Swamp:2  | Offered knowledge of Eringya's Noxious Bog by Vehumet.
 39384 | Swamp:3  | Noticed a fenstrider witch
 39390 | Swamp:3  | Paralysed by a fenstrider witch for 3 turns
 39393 | Swamp:3  | Killed a fenstrider witch
 41063 | Snake:1  | Reached skill level 15 in Conjurations
 41063 | Snake:1  | Noticed Jorgrun
 41418 | Snake:1  | Killed Jorgrun
 41613 | Snake:1  | Reached XP level 17. HP: 108/108 MP: 20/35
 41725 | Snake:1  | Identified the blade talisman of the Arcane {rF+ rC+ Int+9
                  | Dex-5}
 42001 | Snake:1  | Identified the +1 buckler "Abuoq" {rElec rN+ Str-4}
 42625 | Snake:1  | Identified the +2 shortbow of Youthful Indiscretion {flame,
                  | Dex+3}
 43370 | Snake:2  | Found a shimmering altar of Xom.
 43388 | Snake:2  | Reached ****** piety under Vehumet
 43389 | Snake:2  | Reached skill level 1 in Shields
 44005 | Snake:1  | Learned a level 4 spell: Summon Lightning Spire
 44744 | Snake:2  | Found Isuyg's Antique Armour Shop.
 44750 | Snake:2  | Bought a shiny troll leather armour for 666 gold pieces
 45099 | Snake:3  | Offered knowledge of Iskenderun's Battlesphere by Vehumet.
 45249 | Snake:3  | Reached skill level 5 in Shields
 46390 | Snake:3  | Found a white marble altar of Elyvilon.
 47305 | Snake:3  | Found Nioxzac's Book Boutique.
 47306 | Snake:3  | Found Rix Jiun's Jewellery Shoppe.
 47306 | Snake:3  | Found Pyif's Jewellery Shoppe.
 47316 | Snake:3  | Bought an amulet of reflection for 420 gold pieces
 47418 | Snake:4  | Entered Level 4 of the Snake Pit
 49292 | Snake:4  | Reached skill level 10 in Shields
 49474 | Snake:4  | Reached skill level 1 in Summonings
 49638 | Snake:4  | Reached XP level 18. HP: 71/113 MP: 21/36
 50064 | Snake:4  | Reached skill level 15 in Fire Magic
 50069 | Snake:4  | Got a serpentine rune of Zot
 52190 | Snake:4  | Learned a level 5 spell: Iskenderun's Battlesphere
 52590 | Swamp:4  | Entered Level 4 of the Swamp
 52689 | Swamp:4  | Offered knowledge of Orb of Destruction by Vehumet.
 56059 | Swamp:4  | Reached skill level 16 in Conjurations
 56642 | Swamp:4  | Got a decaying rune of Zot
 56702 | Swamp:4  | Identified the +8 sling of Fujooff {heavy, rN+ rCorr Str+2}
 57041 | D:15     | Entered Level 15 of the Dungeon
 57604 | D:15     | Upgraded the game from 0.32-a0-314-g526f7d4993 to
                  | 0.32-a0-355-ged53ad6fd3
 57612 | D:15     | Found a staircase to the Depths.
 58826 | D:15     | Reached XP level 19. HP: 120/120 MP: 22/38
 59160 | Elf:1    | Entered Level 1 of the Elven Halls
 59507 | Elf:1    | Noticed Nikola
 59523 | Elf:1    | Killed Nikola
 59719 | Elf:1    | Noticed Louise
 59845 | Elf:1    | Killed Louise
 59845 | Elf:1    | Offered knowledge of Maxwell's Capacitive Coupling by
                  | Vehumet.
 61047 | Elf:1    | Noticed Agnes
 61053 | Elf:1    | Killed Agnes
 62182 | Elf:1    | Identified the +1 robe "Feclefes" {Dex+5}
 62414 | Elf:2    | Found a runed translucent gate.
 62414 | Elf:2    | Found a runed translucent gate.
 62414 | Elf:2    | Found a runed translucent gate.
 62440 | Elf:2    | Found a crumbling gateway.
 62506 | Desolati | Entered the Desolation of Salt
 62527 | Desolati | Reached skill level 17 in Conjurations
 62542 | Desolati | Reached skill level 15 in Air Magic
 65307 | Elf:2    | Offered knowledge of Lehudib's Crystal Spear by Vehumet.
 65307 | Elf:2    | Offered knowledge of Polar Vortex by Vehumet.
 65307 | Elf:2    | Offered knowledge of Ignition by Vehumet.
 65820 | Elf:3    | Entered Level 3 of the Elven Halls
 66240 | Elf:3    | Reached XP level 20. HP: 69/128 MP: 30/39
 66241 | Elf:3    | Noticed a Tzitzimitl
 66248 | Elf:3    | Reached skill level 15 in Spellcasting
 66714 | Elf:3    | Identified the ring "Otyec" {rC+ Int+6 Stlth+}
 66837 | Elf:3    | Identified the +2 falchion of the Baking Oracle {drain,
                  | ^Contam rN+ rCorr Dex+4}
 66844 | Elf:3    | Noticed a Brimstone Fiend
 67245 | Elf:3    | Identified the +3 war axe of the Shining Light {drain,
                  | rPois Str+5}
 67655 | Elf:3    | Reached skill level 15 in Fighting
 68088 | Elf:3    | Identified the +4 ring mail "Coeduis" {rPois rF+ Str-3}
 68141 | Elf:3    | Reached skill level 18 in Conjurations
 69057 | Elf:3    | Got the Tractate on Portents and Frostbite
 69167 | Elf:3    | Got the Folio of the Charmed Anticline
 69410 | Elf:3    | Identified the amulet "Gier Vuz" {Will+ Regen+}
 69655 | Elf:3    | Identified the serpent talisman "Damnable Contraption"
                  | {Int+5 Stlth+}
 69655 | Elf:3    | Noticed Aizul
 69662 | Elf:3    | Killed Aizul
 69853 | Elf:3    | Found Xepip's Magic Scroll Boutique.
 69866 | Elf:3    | Bought a scroll of fear for 72 gold pieces
 69866 | Elf:3    | Bought a scroll of teleportation for 54 gold pieces
 70049 | Elf:3    | Got Sif Muna's Incunabulum of Ignition
 70235 | Elf:3    | Found Duheamei's Neck Hole.
 70427 | Elf:3    | Got Toabetom's Introduction to the Magician's Craft
 70471 | Elf:3    | Identified the staff of Chagrin {rC+ Int+4 Ice}
 70748 | Vaults:1 | Entered Level 1 of the Vaults
 71216 | Vaults:1 | Found a magical portal.
 71225 | WizLab   | Entered Alistair's Party Mansion
 72937 | WizLab   | Acquired 703 gold pieces
 72983 | WizLab   | Acquired 374 gold pieces
 73005 | WizLab   | Reached XP level 21. HP: 136/136 MP: 17/41
 74280 | Vaults:1 | Reached skill level 19 in Conjurations
 74447 | Vaults:1 | Found Dumid's Book Shop.
 74587 | Vaults:1 | Learned a level 8 spell: Ignition
 76709 | Vaults:2 | Found Zamadouq's General Store.
 76717 | Vaults:2 | Bought a scroll of teleportation for 54 gold pieces
 76717 | Vaults:2 | Bought a scroll of teleportation for 54 gold pieces
 76942 | Vaults:2 | Identified the +7 arbalest of the Fortifying Coward
                  | {freeze, Int+2}
 77127 | Vaults:2 | Found a portal to a secret trove of treasure.
 78375 | Vaults:3 | Noticed Norris
 78546 | Vaults:3 | Found Fowkon's Weapon Emporium.
 78582 | Vaults:3 | Noticed Zenata
 78599 | Vaults:3 | Killed Zenata
 79009 | Vaults:3 | Identified the +2 robe of Monotheism {*Corrode rC+++
                  | Will++}
 80403 | Vaults:3 | Reached XP level 22. HP: 143/143 MP: 34/43
 80447 | Vaults:3 | Noticed Margery
 80667 | Vaults:3 | Killed Norris
 80861 | Vaults:3 | Reached skill level 20 in Conjurations
 82607 | Vaults:3 | Killed Margery
 82875 | Vaults:3 | Found a staircase to the Crypt.
 86276 | Depths:1 | Entered Level 1 of the Depths
 86276 | Depths:1 | Found a one-way gateway to a ziggurat.
 87250 | Depths:1 | Found a gateway to Hell.
 87818 | Depths:1 | Found a corrupted altar of Lugonu.
 87827 | Depths:1 | Got Lugonu's Parchment of the Impact
 87889 | Depths:1 | Identified the +1 ring mail of Heaxtel {Will+ Str-3 Int+2}
 88146 | Depths:1 | Reached XP level 23. HP: 150/150 MP: 26/45
 88147 | Depths:1 | Reached skill level 21 in Conjurations
 91415 | Depths:2 | Identified the +8 dagger "Lahusirph" {freeze, rN+ Will-
                  | MP+9 Int+3}
 91784 | Depths:1 | Upgraded the game from 0.32-a0-355-ged53ad6fd3 to
                  | 0.32-a0-377-g951292165a
 92873 | Depths:2 | Noticed a caustic shrike
 92881 | Depths:2 | Killed a caustic shrike
 94401 | Depths:2 | Reached skill level 22 in Conjurations
 94751 | Depths:2 | Reached XP level 24. HP: 128/158 MP: 15/45
 95275 | Depths:2 | Learned a level 7 spell: Orb of Destruction
 95889 | Depths:3 | Found Pestrufol's Jewellery Shop.
 95895 | Depths:3 | Bought the amulet "Cuyruz" {Reflect rN++ Str+3 SH+5} for
                  | 1076 gold pieces
 96966 | Depths:3 | Found Pueqio's Jewellery Emporium.
 96983 | Depths:3 | Found a one-way gate to the infinite horrors of the Abyss.
 97707 | Depths:3 | You are sucked into a shaft and drop 1 floor!
 97707 | Depths:4 | Entered Level 4 of the Depths
 98030 | Depths:4 | Found Gostith's Weapon Boutique.
 98121 | Depths:4 | Found a broken altar of Ashenzari.
 99119 | Depths:4 | Found a gate to the Realm of Zot.
101015 | Vaults:5 | Entered Level 5 of the Vaults
101660 | Vaults:5 | Reached skill level 23 in Conjurations
102708 | Vaults:5 | Reached XP level 25. HP: 97/165 MP: 40/46
105483 | Vaults:5 | Acquired 606 gold pieces
105728 | Vaults:5 | Got a silver rune of Zot
105740 | Vaults:5 | Identified the staff "Neahi" {rC+ Int+3 Ice}
105741 | Vaults:5 | Identified the +1 flail "Ceav" {freeze, rC+ Will+ MP+9}
105755 | Vaults:5 | Identified the +0 plate armour "Diruifit" {rC+ Int+2 SInv}
105927 | Vaults:5 | Identified the +5 great sword of the Beginning {flame,
                  | Will+}
106006 | Vaults:5 | Identified the ring "Leth" {rC- Str+6 Int+6}
106478 | Zot:1    | Entered Level 1 of the Realm of Zot
107074 | Zot:1    | Reached skill level 5 in Stealth
107074 | Zot:1    | Reached XP level 26. HP: 172/172 MP: 46/46
107266 | Zot:1    | You are sucked into a shaft and drop 1 floor!
107595 | Zot:1    | Noticed an orb of fire
107598 | Zot:2    | Gained mutation: You sometimes lose your temper in combat.
                  | [an orb of fire]
107601 | Zot:2    | Gained mutation: You occasionally lose the ability to drink
                  | potions when taking damage. [an orb of fire]
107604 | Zot:2    | Gained mutation: You occasionally lose the ability to read
                  | scrolls when taking damage. [an orb of fire]
107605 | Zot:2    | Gained mutation: You are weak. (Str -2) [an orb of fire]
107610 | Zot:2    | Gained mutation: Your body sometimes deteriorates upon
                  | taking damage. [an orb of fire]
108189 | Zot:2    | Lost mutation: You sometimes lose your temper in combat.
                  | [potion of mutation]
108189 | Zot:2    | Lost mutation: You are weak. (Str -2) [potion of mutation]
108189 | Zot:2    | Lost mutation: You occasionally lose the ability to drink
                  | potions when taking damage. [potion of mutation]
108189 | Zot:2    | Gained mutation: Your spells are a little easier to cast,
                  | but a little less powerful. [potion of mutation]
108189 | Zot:2    | Gained mutation: You occasionally shout uncontrollably at
                  | your foes. [potion of mutation]
108189 | Zot:2    | Lost mutation: Your spells are a little easier to cast, but
                  | a little less powerful. [potion of mutation]
108207 | Zot:2    | Reached skill level 10 in Evocations
108603 | Zot:2    | Noticed a Killer Klown
108609 | Zot:2    | Killed a Killer Klown
108846 | Zot:2    | Gained mutation: You are clumsy. (Dex -2) [an orb of fire]
108860 | Zot:2    | Lost mutation: Your body sometimes deteriorates upon taking
                  | damage. [an orb of fire]
108860 | Zot:2    | Killed an orb of fire
110097 | Zot:2    | Identified the +9 rapier of Chaos {flame, rC+}
111719 | Zot:1    | Reached skill level 5 in Summonings
113504 | Zot:1    | Reached XP level 27. HP: 177/177 MP: 16/47
114760 | Zot:1    | Reached skill level 10 in Summonings
115324 | Zot:1    | Learned a level 6 spell: Summon Cactus Giant
117474 | Zot:3    | Mangled by an Executioner

Illustrated notes

Levels and vault maps discovered:
D:1:      dpeg_arrival_snail, layout_basic, minmay_misc_feat_five,
          kennysheep_doodads
D:2:      minmay_razor_zed, layout_basic, uniq_jessica
D:3:      layout_loops_ring, kennysheep_small_spiral, dk_vineyard_3,
          nicolae_elevator_lobby_plus
D:4:      minmay_chambers_of_twos, layout_cave_pools, uniq_crazy_yiuf_cottage
D:5:      minmay_opposing_rooms, layout_cave_pools, minmay_temple_entry_mist
D:6:      layout_basic, nrook_campfire, feat_on_display, uniq_duvessa,
          uniq_menkaure
D:7:      minmay_spotlight, layout_basic, nzn_wu_jian_council_hall,
          serial_shops, nicolae_shop_behind_doors
D:8:      layout_basic, dreamdust_princess_bridge, billiards_dpeg
D:9:      layout_roguey, minitemple, supply_closet_lemuel, uniq_pikel
D:10:     layout_big_octagon, minmay_microvault
D:11:     layout_long_grid, minmay_orc_entry_temple_small,
          gauntlet_entry_generic, minmay_diamond_spiral
D:12:     minmay_the_grid_triangle_9x9_recursive_3
          [minmay_the_grid_triangle_9x9_impossible_snake,
          minmay_the_grid_triangle_9x9_corruption,
          minmay_the_grid_triangle_9x9_shrine,
          minmay_the_grid_triangle_9x9_prize_schism,
          minmay_the_grid_triangle_9x9_odd_lines,
          minmay_the_grid_triangle_9x9_swiss_cheese,
          minmay_the_grid_triangle_9x9_corrupted_corridor,
          minmay_the_grid_triangle_9x9_windchime,
          minmay_the_grid_triangle_9x9_alien], layout_layer_cave,
          dancing_weapons_uskayaw
D:13:     layout_basic, uniq_frances, uniq_azrael
D:14:     layout_rooms, hellmonk_vaults_attempted_burglary, serial_curves,
          eino_curves_01, eino_curves_03, nicolae_ru_path_of_blood,
          hangedman_decor_lopped
D:15:     gammafunk_depths_entry_grave, layout_rooms, minmay_fire_ice_demons
Temple:   nicolae_temple_bog_church
Lair:1:   layout_cellular_growth, kennysheep_snail_temple, lemuel_fruit_tree
Lair:2:   layout_chaotic_city, alex1729_snake_entry_snake, uniq_amaemon
Lair:3:   layout_cave_pods, minmay_swamp_entry_worms
Lair:4:   layout_regular_city
Lair:5:   evilmike_catoblepas_cave, layout_regular_city,
          minmay_slime_entry_jelly_boxes, eino_house_with_fridge
Swamp:1:  layout_basic_swamp, evilmike_swamp_ruin_house_5, swamp_pool_1_2,
          roderic_carrion_pond
Swamp:2:  layout_falls_marsh, nicolae_swamp_feature_on_the_river_bank
Swamp:3:  layout_basic_swamp, nicolae_swamp_reclaimed_castle
Swamp:4:  swamp_basic_johnstein, layout_basic_swamp, swamp_pool_5
Snake:1:  layout_rooms, uniq_jorgrun
Snake:2:  layout_misc_corridors, basic_altar, serial_bayou_shore_a,
          minmay_shop_star
Snake:3:  layout_misc_corridors, basic_altar, nicolae_zig_zag_zippers,
          minmay_shop_grove
Snake:4:  johnstein_snake_rune_scales, layout_basic
Orc:1:    layout_diamond_mine, nicolae_shop_self_help
Orc:2:    pf_orc_diabolical, layout_caves, basic_altar, roderic_batcave,
          uniq_josephine, uniq_urug
Elf:1:    layout_geoelf_octagon, hangedman_elven_crosses_minicolossus,
          laboratory, uniq_nikola, uniq_louise, uniq_agnes
Elf:2:    nicolae_elf_blades_crystal_corner, layout_loops_corners,
          portal_desolation_entry_ruin
Elf:3:    grunt_elf_hall_branching, layout_loops_corners, serial_shops,
          nicolae_shop_just_a_little_nook, nicolae_shop_sticking_my_neck_out,
          uniq_aizul
Vaults:1: mu_enter_wizlab_4, nicolae_vaults_closet_pinwheel_5,
          nicolae_vaults_sealed_display, ontoclasm_vaults_idyll,
          nicolae_vaults_surprise_closet, nicolae_vaults_storage_room_water,
          nicolae_vaults_border_crossing, hangedman_vaults_hat,
          nicolae_vaults_network_square, nicolae_vaults_little_squares_1,
          nicolae_vaults_angled_halls, nicolae_vaults_tetromino_Z_1,
          vaults_room_ringed_pool, cheibrodos_statue_roulette,
          layout_vaults_omnibox, serial_shops, shop
Vaults:2: nicolae_vaults_alarming, nicolae_vaults_double_plus_3,
          nicolae_vaults_yaktaur_gun_rack, vaults_room_hallway,
          nicolae_vaults_trapezoid_layered, nicolae_vaults_three_branches,
          vaults_room_pool, nicolae_vaults_little_squares_2,
          nicolae_vaults_diamond_2, v_misc_2, nicolae_vaults_tetromino_T_1,
          layout_vaults_omnigrid, enter_trove_3, serial_shops, shop
Vaults:3: v_rooms_2, vaults_mumra_hex, v_rooms_4, hangedman_vaults_river_flow,
          nicolae_vaults_double_plus_2, grunt_vaults_twisty,
          ontoclasm_vaults_shuriken, st_smaller_cells,
          vaults_dpeg_emergency_exit, nicolae_vaults_prndl,
          nicolae_vaults_diamond_1, layout_vaults_omnicross, serial_shops, shop,
          uniq_norris, uniq_zenata, uniq_margery
Vaults:4: nicolae_vaults_triangles, v_misc_23, vaults_room_boxed,
          nicolae_vaults_storage_closets_3, nicolae_vaults_steering_wheel,
          nicolae_vaults_cochlea, vaults_mumra_minichess_inversion,
          nicolae_vaults_mitosis, st_lattice, nicolae_vaults_cochlea,
          vaults_room_pool, vaults_mumra_lcd,
          nicolae_vaults_trapezoid_lopsided_3, layout_vaults_ring
Vaults:5
Depths:1: layout_small_grid, enter_ziggurat_d, nicolae_titane, hell_entry,
          tgw_lugonu_bribe, firewood_loft
Depths:2: minmay_octagon_city, layout_basic, pan_entry, hangedman_coc_ice_floe,
          solitary_fountain
Depths:3: kennysheep_blocky_room, layout_gridville, abyss_entry, minmay_holes,
          hell_entry, serial_shops, shop, shop_fountains
Depths:4: evilmike_zot_entry_argh, layout_twisted_cross, hell_entry,
          nicolae_twisting_strands, serial_shops, shop,
          grunt_pan_entry_in_and_out, nicolae_ashenzari_panopticon
Zot:1:    hangedman_orp_of_zott, layout_gridlike, nzn_random_ring
Zot:2:    layout_concentric_octagons, grunt_megastairs_1
Zot:3:    regret_index_zot_pan_timeshare, layout_concentric_octagons

Skill      XL: |  1  2  3  4  5  6  7  8  9 10 11 12 13 14 15 16 17 18 19 20 21 22 23 24 25 26 27 |
---------------+----------------------------------------------------------------------------------+-----
Conjurations   | 2 3 4 5 6 7 9 11 12 13 14 15 16 17 18 19 20 22 23 | 23.3
Fighting       | 1 2 4 5 7 8 10 11 12 13 14 15 16 17 18 19 | 19.2
Fire Magic     | 4 5 7 8 9 11 13 14 15 16 17 18 19 20 21 | 21.3
Armour         | 1 2 3 4 8 |  8.3
Spellcasting   | 3 5 6 7 8 10 11 12 13 14 15 16 17 18 19 | 19.1
Hexes          | 3 5 |  5.5
Air Magic      | 5 9 11 12 14 15 16 18 19 20 21 22 | 22.1
Evocations     | 2 6 9 11 | 11.4
Dodging        | 7 |  7.5
Shields        | 10 | 10.0
Summonings     | 1 4 7 13 | 13.3
Stealth        | 5 7 |  7.7

Action                     |  1- 3 |  4- 6 |  7- 9 | 10-12 | 13-15 | 16-18 | 19-21 | 22-24 | 25-27 || total
---------------------------+-------+-------+-------+-------+-------+-------+-------+-------+-------++-------
  Melee: Short sword       |     1 |    15 |       |       |       |       |       |       |       ||    16
         Kick              |     1 |    10 |    23 |    11 |     8 |    11 |    44 |    39 |    50 ||   197
         Mace              |       |    27 |    50 |    38 |    34 |    30 |    78 |    62 |    91 ||   410
         Dagger            |       |     5 |       |       |       |       |       |       |       ||     5
         Peck              |       |     5 |     8 |    15 |    11 |     7 |    23 |    31 |    39 ||   139
   Cast: Foxfire           |    33 |    77 |   251 |   189 |   161 |    17 |     4 |       |       ||   732
         Scorch            |     3 |    19 |    19 |    18 |       |       |       |       |       ||    59
         Flame Wave        |       |       |     1 |    38 |    29 |    18 |     2 |       |       ||    88
         Fireball          |       |       |       |    46 |   223 |   485 |   487 |   399 |    50 ||  1690
         Starburst         |       |       |       |    28 |   137 |   104 |    64 |    58 |    41 ||   432
         Airstrike         |       |       |       |       |    53 |   103 |   117 |   135 |    17 ||   425
         Sticky Flame      |       |       |       |       |     6 |       |       |       |       ||     6
         Cause Fear        |       |       |       |       |     2 |     5 |     1 |     1 |       ||     9
         Plasma Beam       |       |       |       |       |    22 |    24 |    13 |    51 |    50 ||   160
         Summon Lightning  |       |       |       |       |       |    49 |    74 |    88 |    25 ||   236
         Iskenderun's Batt |       |       |       |       |       |    22 |    24 |    24 |     4 ||    74
         Ignition          |       |       |       |       |       |       |    17 |    86 |    17 ||   120
         Orb of Destructio |       |       |       |       |       |       |       |    20 |   262 ||   282
         Summon Cactus Gia |       |       |       |       |       |       |       |       |     5 ||     5
  Evoke: Wand              |       |       |     6 |     6 |     3 |    12 |    13 |     3 |    38 ||    81
         Phial of floods   |       |       |       |       |       |     1 |     3 |     3 |     1 ||     8
    Use: Scroll            |     5 |     3 |     7 |     8 |    15 |    22 |     7 |     2 |    11 ||    80
         Potion            |       |     1 |     5 |     4 |     2 |    10 |     4 |     4 |     8 ||    38
   Stab: Sleeping          |       |     1 |     1 |       |       |       |       |       |       ||     2
         Paralysed         |       |       |    12 |     6 |    12 |     9 |       |       |       ||    39
         Invisible         |       |       |       |       |       |     2 |       |       |       ||     2
         Distracted        |       |       |       |       |       |       |       |     2 |     1 ||     3
 Armour: Robe              |     1 |    17 |       |       |       |       |       |       |       ||    18
         Leather armour    |       |    22 |    63 |    20 |   120 |   183 |   129 |   201 |   222 ||   960
         Troll leather arm |       |       |       |    71 |    10 |       |       |       |       ||    81
         Skin              |       |       |       |       |       |    30 |       |       |       ||    30
  Dodge: Dodged            |     7 |    57 |    84 |   142 |   180 |   275 |   152 |   211 |   293 ||  1401
  Block: Kite shield       |       |       |       |       |       |   141 |   309 |   382 |   400 ||  1232
         Buckler           |       |       |       |       |       |    21 |       |       |       ||    21
         Reflection        |       |       |       |       |       |    28 |    63 |    34 |    13 ||   138

Table legend: (Time is in decaauts)
 A = Elapsed time spent in this place.
 B = Non-inter-level travel time spent in this place.
 C = Inter-level travel time spent in this place.
 D = Time resting spent in this place.
 E = Time spent auto-exploring this place.
 F = Levels seen in this place.
 G = Mean time per level.
                   A        B        C        D        E       F      G
               +--------+--------+--------+--------+--------+-----+--------+
         Total | 117965 | 113239 |   4726 |  67610 |  24588 |  48 | 2457.6 |
       Dungeon |  25407 |  23643 |   1764 |  11548 |   7953 |  15 | 1693.8 |
        Temple |     44 |     23 |     21 |      0 |      0 |   1 |   44.0 |
          Lair |  12685 |  11777 |    908 |   6304 |   3171 |   5 | 2537.0 |
         Swamp |   7993 |   7662 |    331 |   4916 |   1641 |   4 | 1998.2 |
     Snake Pit |  10961 |  10669 |    292 |   6878 |   2030 |   4 | 2740.2 |
  Orcish Mines |   4393 |   4091 |    302 |   2517 |    803 |   2 | 2196.5 |
   Elven Halls |  10899 |  10755 |    144 |   7070 |   2117 |   3 | 3633.0 |
        Vaults |  18404 |  17866 |    538 |  10612 |   3764 |   5 | 3680.8 |
        Depths |  14531 |  14233 |    298 |   9192 |   2065 |   4 | 3632.8 |
           Zot |  10688 |  10563 |    125 |   7315 |   1044 |   3 | 3562.7 |
        Wizlab |   1910 |   1910 |      0 |   1257 |      0 |   1 | 1910.0 |
    Desolation |     46 |     46 |      0 |      0 |      0 |   1 |   46.0 |
               +--------+--------+--------+--------+--------+-----+--------+

Top non-repeatable levels by time:
   Zot:2: 5959 daAuts
Vaults:4: 5821 daAuts
Depths:2: 5146 daAuts
 Snake:4: 4728 daAuts
   Zot:1: 4440 daAuts
   Elf:3: 4376 daAuts
    D:12: 4133 daAuts
Depths:1: 4008 daAuts
Vaults:3: 3757 daAuts
Depths:4: 3395 daAuts
   Elf:2: 3384 daAuts
 Swamp:4: 3352 daAuts
  Lair:2: 3324 daAuts
Vaults:2: 3300 daAuts
   Elf:1: 3137 daAuts
